 Dungeon Crawl Stone Soup version 0.29.0-15-g675c0067aa (webtiles) character file.

Game seed: 4404887619206378362

4319 Ordine the Covert (level 10, -1/49 HPs)
             Began as a Spriggan Enchanter on Sept 10, 2022.
             Was a Priest of Okawaru.
             Killed by divine providence
             ... invoked by an orc priest
              (9 damage)
             ... on level 9 of the Dungeon.
             The game lasted 00:29:23 (10664 turns).

Ordine the Covert (Spriggan Enchanter)             Turns: 10664, Time: 00:29:24

Health: -1/49      AC:  4    Str:  4    XL:     10   Next: 11%
Magic:  16/18      EV: 22    Int: 21    God:    Okawaru [***...]
Gold:   287        SH:  0    Dex: 16    Spells: 13/18 levels left

rFire   . . .      SeeInvis +   a - +1 dagger
rCold   . . .      Faith    .   (no shield)
rNeg    . . .      Spirit   .   J - +0 robe
rPois   .          Reflect  .   (helmet restricted)
rElec   .          Harm     .   o - +1 cloak
rCorr   .          Rampage  .   (gloves unavailable)
Will    +....                   (boots unavailable)
Stlth   +++++.....              w - amulet of magic regeneration
HPRegen 0.16/turn               (no ring)
MPRegen 0.56/turn               (no ring)

@: very quick
A: very small, no large weapons, unfitting armour, see invisible, speed 3
a: Renounce Religion, Heroism


You were on level 9 of the Dungeon.
You worshipped Okawaru.
Okawaru was most pleased with you.
You visited 2 branches of the dungeon, and saw 10 of its levels.

You collected 581 gold pieces.
You spent 294 gold pieces at shops.

Inventory:

Hand Weapons
 a - a +1 dagger (weapon)
 b - a +2 short sword of venom
Missiles
 d - 3 throwing nets
 j - 9 atropa-tipped darts
 A - 5 datura-tipped darts
 I - 22 poisoned darts (quivered)
Armour
 o - a +1 cloak (worn)
 J - a +0 robe (worn)
Jewellery
 g - an amulet of the acrobat
 w - an amulet of magic regeneration (around neck)
 B - an amulet of reflection
Wands
 v - a wand of flame (31)
 y - a wand of polymorph (5)
Scrolls
 e - 2 scrolls of fog
 f - 5 scrolls of enchant armour
 h - 4 scrolls of poison
 i - 3 scrolls of immolation
 m - 2 scrolls of blinking
 n - 2 scrolls of enchant weapon
 p - 9 scrolls of teleportation
 r - 3 scrolls of fear
 s - 2 scrolls of magic mapping
 z - a scroll of torment
 E - a scroll of summoning
 H - a scroll of vulnerability
 K - a scroll of amnesia {unknown}
Potions
 c - 2 potions of invisibility
 k - 2 potions of haste {unknown}
 l - 4 potions of curing {unknown}
 q - a potion of flight {unknown}
 t - 3 potions of heal wounds {unknown}
 u - 2 potions of lignification {unknown}
 x - a potion of magic {unknown}
 C - a potion of mutation {unknown}
 D - 2 potions of brilliance {unknown}
 F - 3 potions of might {unknown}
 G - a potion of resistance


   Skills:
 + Level 3.4 Fighting
 + Level 8.3 Short Blades
 + Level 8.4 Dodging
 + Level 12.2 Stealth
 + Level 4.7 Spellcasting
 + Level 8.3 Hexes


You had 13 spell levels left.
You knew the following spells:

 Your Spells              Type           Power      Damage    Failure   Level
a - Ensorcelled Hibernat  Hex/Ice        44%        N/A       3%          2
b - Confusing Touch       Hex            40%        N/A       1%          3

Your spell library contained the following spells:

 Spells                   Type           Power      Damage    Failure   Level
 Dazzling Flash           Conj/Hex       44%        N/A       6%          3
 Necrotise                Necr           16%        1d4       11%         1
 Shock                    Conj/Air       16%        1d4       11%         1
 Ozocubu's Armour         Ice            4%         N/A       32%         3
 Swiftness                Air            4%         N/A       32%         3
 Vampiric Draining        Necr           4%         2d6       32%         3
 Airstrike                Air            2%         2d(1-17)  73%         4
 Agony                    Necr           4%         N/A       97%         5
 Ozocubu's Refrigeration  Ice            2%         4d7       100%        7
 Storm Form               Tmut/Air       2%         N/A       100%        7
 Maxwell's Capacitive Co  Air            2%         ∞         100%        8
 Tukima's Dance           Hex            Unusable   N/A       N/A         3
 Summon Lightning Spire   Summ/Air       Unusable   N/A       N/A         4

Dungeon Overview and Level Annotations

Branches:
Dungeon (9/15)             Temple (1/1) D:5             Orc (0/2) D:9
   Lair: D:8-11

Altars:
Ashenzari
Cheibriados
Dithmenos
Elyvilon
Fedhas
Gozag
Hepliaklqana
Kikubaaqudgha
Makhleb
Nemelex Xobeh
Okawaru
Qazlal
Ru
Sif Muna
Trog
Uskayaw
Vehumet
Wu Jian
Xom
Yredelemnul
Zin
The Shining One

Shops:
D:5 :?((   D:7 :

Annotations:
D:8 dig vault


Innate Abilities, Weirdness & Mutations

You are very small and have problems with some larger weapons.
You are too small for most types of armour.
You have supernaturally acute eyesight. (SInv)
You cover ground extremely quickly. (Speed+++)


Message History

Aim: an orc wizard, wielding a +0 dagger and wearing a +0 robe (chance to affect: 54%)
The orc wizard looks drowsy...
You barely miss the yak.
The orc priest looks satisfied for a moment.
The yak gores you!
The orc wizard shouts!
Casting: Ensorcelled Hibernation (safe; 3% risk of failure)
Confirm with . or Enter, or press ? or * to list all spells.
Aiming: Ensorcelled Hibernation (safe; 3% risk of failure)
Press: ? - help, Shift-Dir - straight line, f - yak, p - orc wizard
Aim: a yak (chance to affect: 54%)
Okay, then.
Casting: Ensorcelled Hibernation (safe; 3% risk of failure)
Confirm with . or Enter, or press ? or * to list all spells.
Your hands begin to glow red.
You hit the orc wizard but do no damage.
The orc wizard appears confused.
You hit the orc wizard.
The orc wizard is lightly wounded.
You hit the orc wizard but do no damage.
The orc wizard is lightly wounded.
The orc wizard hits the orc with a +0 dagger.
Casting: Confusing Touch (safe; 1% risk of failure)
Confirm with . or Enter, or press ? or * to list all spells.
Aiming: Ensorcelled Hibernation (safe; 3% risk of failure)
Press: ? - help, Shift-Dir - straight line, f - orc, p - orc wizard
Aim: an orc, wielding a +0 dagger and wearing a +0 leather armour (moderately wounded, chance to affect: 71%)
The orc struggles to resist.
The orc completely misses you.
The orc wizard hits the orc with a +0 dagger.
You hit the orc.
The orc is almost dead.
You hit the orc but do no damage.
The orc is almost dead.
The orc closely misses you.
The orc priest calls down the wrath of Beogh upon you.
Beogh smites you!
* * * LOW HITPOINT WARNING * * *
The orc priest mumbles some strange prayers to Beogh against you.
Beogh smites you!
You die...

#..Y.#.o# .....##'## #########
..####..Y# #........ #. #o#o#
#...#.... ##...##
########........ #.....#
#............... #.#...#
#.....#####.....
###.....########.[.............
........o.YY.o.@.......)........
...#.......#..#..#..#...#..#..#.
.........o.o....................
################################


You could see 2 yaks, an orc priest, an orc wizard (confused) and 2 orcs.

Vanquished Creatures
  A komodo dragon (D:9)
  Grinder (D:5)
  A wyvern (D:9)
  4 yaks
  A warg (D:9)
  An acid dragon (D:9)
  A water moccasin (D:7)
  A sky beast (D:6)
  A black bear (D:6)
  An ice beast (D:5)
  An ogre (D:6)
  3 centaurs
  2 phantoms
  3 kobold brigands
  A gnoll sergeant (D:9)
  3 necrophages
  3 scorpions
  10 wights
  4 killer bees (D:9)
  4 orc priests
  3 hounds
  4 jellies
  3 iron imps (D:7)
  Natasha (thrice) (D:3)
  An iguana (D:5)
  2 orc wizards
  6 gnolls
  2 adders
  A shadow imp (D:5)
  2 ufetubi (D:5)
  A worm (D:4)
  3 dart slugs
  13 orcs
  8 endoplasms
  2 giant cockroaches (D:4)
  6 goblins
  5 hobgoblins
  7 jackals
  22 kobolds
  A quokka (D:1)
  6 ball pythons
  2 bats
  6 frilled lizards
  7 rats
163 creatures vanquished.

Notes
Turn   | Place    | Note
-------+----------+-------------------------------------------
     0 | D:1      | Ordine the Spriggan Enchanter began the quest for the Orb.
     0 | D:1      | Reached XP level 1. HP: 9/9 MP: 5/5
   278 | D:1      | Reached XP level 2. HP: 13/13 MP: 6/6
   286 | D:1      | Reached skill level 5 in Stealth
   539 | D:1      | Learned a level 2 spell: Ensorcelled Hibernation
  1618 | D:2      | Reached XP level 3. HP: 16/16 MP: 8/8
  1880 | D:2      | Found an opulent altar of Gozag.
  2607 | D:3      | Reached skill level 6 in Stealth
  2607 | D:3      | Reached XP level 4. HP: 14/21 MP: 2/9
  2712 | D:3      | Noticed Natasha
  2720 | D:3      | Killed Natasha
  2947 | D:3      | Found Nebor's Magic Scroll Shoppe.
  3028 | D:3      | Bought a scroll of identify for 24 gold pieces
  3028 | D:3      | Bought a scroll of teleportation for 36 gold pieces
  3030 | D:3      | Bought a scroll of identify for 24 gold pieces
  3449 | D:3      | Reached skill level 7 in Stealth
  3505 | D:3      | Identified the +2 pair of gloves of Okuit {rPois Will-
                  | Dex+8}
  3542 | D:3      | Noticed Natasha
  3587 | D:2      | Learned a level 3 spell: Confusing Touch
  3679 | D:3      | Killed Natasha
  3680 | D:3      | Reached XP level 5. HP: 10/24 MP: 10/10
  3700 | D:3      | Noticed Natasha
  4018 | D:3      | Killed Natasha
  4185 | D:3      | Bought a scroll of identify for 24 gold pieces
  4185 | D:3      | Bought a scroll of identify for 24 gold pieces
  4457 | D:4      | Reached skill level 8 in Stealth
  4568 | D:4      | Reached XP level 6. HP: 9/25 MP: 11/11
  5079 | D:5      | Entered Level 5 of the Dungeon
  5099 | D:5      | Found Jutwaumeyr's Book Emporium.
  5121 | D:5      | Reached skill level 5 in Short Blades
  5199 | D:5      | Found Akuliown's Magic Scroll Shoppe.
  5382 | D:5      | Found Mozoploa's Antique Weapon Shop.
  5384 | D:5      | Noticed an ice beast
  5412 | D:5      | Killed an ice beast
  5413 | D:5      | Reached skill level 5 in Hexes
  5413 | D:5      | Reached XP level 7. HP: 32/32 MP: 12/14
  5602 | D:5      | Found Putwymet's Weapon Shoppe.
  6003 | D:5      | Noticed Grinder
  6020 | D:5      | Killed Grinder
  6508 | D:5      | Found a staircase to the Ecumenical Temple.
  6518 | Temple   | Entered the Ecumenical Temple
  6867 | Temple   | Became a worshipper of Warmaster Okawaru
  6972 | D:5      | Reached skill level 1 in Fighting
  7165 | D:6      | Reached XP level 8. HP: 37/37 MP: 15/15
  7565 | D:6      | Reached skill level 5 in Dodging
  7688 | D:3      | Bought a scroll of enchant armour for 90 gold pieces
  7688 | D:3      | Bought a scroll of identify for 24 gold pieces
  7688 | D:3      | Bought a scroll of immolation for 48 gold pieces
  7897 | D:7      | Reached * piety under Okawaru
  8027 | D:7      | Found a shadowy altar of Dithmenos.
  8073 | D:7      | Found a shimmering altar of Xom.
  8087 | D:7      | Found a shimmering altar of Xom.
  8087 | D:7      | Found a shimmering altar of Xom.
  8088 | D:7      | Found a shimmering altar of Xom.
  8088 | D:7      | Found a shimmering altar of Xom.
  8088 | D:7      | Found a shimmering altar of Xom.
  8088 | D:7      | Found a shimmering altar of Xom.
  8092 | D:7      | Found a shimmering altar of Xom.
  8093 | D:7      | Found a shimmering altar of Xom.
  8116 | D:7      | Upgraded the game from 0.29.0-13-gc9e81de378 to
                  | 0.29.0-15-g675c0067aa
  8279 | D:7      | Found Qeamach's Book Boutique.
  8353 | D:7      | Reached XP level 9. HP: 40/44 MP: 11/16
  8401 | D:7      | Found a blossoming altar of Fedhas.
  8401 | D:7      | Found an ornate altar of the Wu Jian Council.
  8407 | D:7      | Reached ** piety under Okawaru
  8638 | D:7      | Reached skill level 9 in Stealth
  8646 | D:7      | Found a burning altar of Makhleb.
  8986 | D:8      | Noticed a white ugly thing
  8987 | D:8      | Noticed a centaur warrior
  9330 | D:8      | Reached skill level 10 in Stealth
  9338 | D:8      | Found an ancient bone altar of Kikubaaqudgha.
  9549 | D:9      | Reached skill level 11 in Stealth
  9784 | D:9      | Reached *** piety under Okawaru
  9960 | D:9      | Found a staircase to the Orcish Mines.
 10178 | D:9      | Noticed a komodo dragon
 10182 | D:9      | Killed a komodo dragon
 10183 | D:9      | Reached skill level 12 in Stealth
 10261 | D:9      | HP: 2/44 [poisoned by a killer bee]
 10595 | D:9      | Reached XP level 10. HP: 49/49 MP: 17/17
 10664 | D:9      | Killed from afar by an orc priest

Illustrated notes

Levels and vault maps discovered:
D:1:      minmay_arrival_four_loops, layout_loops_cross
D:2:      layout_basic, basic_altar
D:3:      layout_rooms, serial_shops, shop, uniq_natasha
D:4:      layout_rooms, dk_noncrumbling_2, minmay_misc_feat_roman
D:5:      layout_loops_ring, minmay_temple_entry_nine_rooms, serial_shops,
          nicolae_shop_bloodbath_and_beyond, nicolae_lakefront_shop,
          nicolae_shop_advertising_works [nicolae_subvault_shop_adworks],
          shop_coins, uniq_grinder
D:6:      layout_basic, chequers_arboretum
D:7:      layout_basic, xom_shifter_show, grunt_dithmenos_smoke_and_mirrors,
          demons_altar, mainiacjoe_overflow_large_starburst, serial_shops,
          nicolae_square_shop
D:8:      layout_rooms, marbit_many_paths, lightli_corner_chamber
D:9:      layout_stronghold, david_orc_3
Temple:   compressed_dpeg_triangle_lava_temple

Skill      XL: |  1  2  3  4  5  6  7  8  9 |
---------------+----------------------------+-----
Stealth        | 5 6 7 8 12 | 12.2
Short Blades   | 2 3 4 5 8 |  8.3
Spellcasting   | 3 4 |  4.7
Hexes          | 5 7 8 |  8.3
Dodging        | 3 8 |  8.4
Fighting       | 1 3 |  3.4

Action                   |  1- 3 |  4- 6 |  7- 9 | 10-12 || total
-------------------------+-------+-------+-------+-------++-------
Melee: Dagger            |    82 |   143 |   218 |     9 ||   452
       Punch             |       |     1 |     3 |       ||     4
Throw: Dart              |       |     6 |       |       ||     6
 Cast: Ensorcelled Hiber |    10 |    29 |    55 |     6 ||   100
       Confusing Touch   |       |     1 |    18 |     1 ||    20
  Use: Scroll            |       |     7 |     4 |       ||    11
       Potion            |       |       |     1 |       ||     1
 Stab: Sleeping          |    13 |    25 |    48 |     3 ||    89
       Confused          |       |     2 |    19 |       ||    21
       Distracted        |       |       |     1 |       ||     1
Armor: Robe              |     7 |    16 |    16 |       ||    39
Dodge: Dodged            |    58 |   101 |   121 |     2 ||   282
